Sasquatch vs Inferno
(R1)
Created - May 10, 2018 at 19:06
Goals
|
Sasquatch |
0 |
2 |
1 |
3 |
Inferno |
1 |
0 |
1 |
2 |
|
Shots
|
Sasquatch |
13 |
15 |
11 |
39 |
Inferno |
12 |
4 |
15 |
31 |
|
1st period
1. Inferno , Cal O'Reilly 2 (Christian Folin 2, Tanner Pearson 2) at 4:30
Penalties :
Jason Akeson (Gat) for Goalie Interference (Minor) at 15:32, Tyler Shattock (Anc) for Diving (Minor) at 18:02
2nd period
2. Sasquatch , Nick Bjugstad 1 (Jason Zucker 2, Patrick Wey 1) at 7:30 (PP)
3. Sasquatch , Filip Forsberg 2 (Drew Shore 6) at 15:59
Penalties :
Christian Folin (Anc) for Hooking (Minor) at 1:15, Matt Kassian (Anc) for Cross-checking (Minor) at 6:39, David Ullstrom (Anc) for Holding (Minor) at 6:56, Melker Karlsson (Gat) for Holding Stick (Minor) at 17:08, Nick Bjugstad (Gat) for Tripping (Minor) at 19:16
3rd period
4. Sasquatch , Filip Forsberg 3 (Jason Akeson 5, Drew Shore 7) at 13:28
5. Inferno , Anders Lee 2 (David Savard 2, Kyle Palmieri 3) at 17:02
Penalties :
Matt Halischuk (Gat) for Kneeing (Minor) at 1:43, Brandon Gormley (Gat) for Kneeing (Minor) at 10:43, Matt Halischuk (Gat) for Interference (Minor) at 19:58
Goalie Stats
Joonas Korpisalo (Gat), 29 saves from 31 shots - (0.935), W, 1-0-0, 60:00 minutes
Christopher Gibson (Anc), 36 saves from 39 shots - (0.923), L, 1-1-0, 58:46 minutes
Players Stats for Sasquatch
Player Name G A P +/- PIM S H SB GA TA FO MP PP MP PK MP
------------------------------------------------------------------------------------
Brandon Gormley 0 0 0 -1 2 1 0 1 0 0 0/0 21:52 2:48 2:58
Brock Trotter 0 0 0 -1 0 2 2 1 1 1 0/0 12:28 0:00 1:47
Drew Shore 0 2 2 1 0 3 1 1 0 0 23/42 23:57 3:14 5:41
Filip Forsberg 2 0 2 1 0 8 2 0 0 1 2/2 17:03 3:14 0:00
Jason Akeson 0 1 1 1 2 5 2 0 1 0 2/3 17:02 3:14 0:00
Jason Zucker 0 1 1 0 0 2 0 0 0 0 0/1 15:03 3:00 0:00
Lauri Tukonen 0 0 0 -1 0 1 1 0 0 1 0/2 16:34 0:00 5:50
Martin Marincin 0 0 0 0 0 0 0 1 0 1 0/0 15:17 0:00 6:01
Matt Halischuk 0 0 0 0 4 2 2 0 2 0 0/0 15:37 0:00 1:55
Matt Taormina 0 0 0 0 0 1 3 4 2 2 0/0 26:45 2:48 6:01
Melker Karlsson 0 0 0 -1 2 1 2 2 0 0 2/4 10:37 0:00 0:00
Nick Bjugstad 1 0 1 0 2 2 2 0 0 0 5/10 15:08 3:00 0:00
Nick Leddy 0 0 0 1 0 5 1 0 1 0 0/0 20:58 3:26 0:35
Patrick Wey 0 1 1 1 0 2 2 0 0 2 0/0 24:39 3:26 3:55
Petr Straka 0 0 0 0 0 1 0 0 0 1 1/2 8:33 3:00 0:00
Sergey Kalinin 0 0 0 0 0 0 1 0 0 1 0/0 9:02 0:00 2:54
Slava Voynov 0 0 0 -1 0 2 1 0 0 1 0/0 11:06 0:00 0:22
Teemu Hartikainen 0 0 0 0 0 1 4 0 0 0 1/1 8:17 0:00 1:45
Players Stats for Inferno
Player Name G A P +/- PIM S H SB GA TA FO MP PP MP PK MP
------------------------------------------------------------------------------------
Anders Lee 1 0 1 0 0 2 1 0 3 0 10/17 19:33 5:35 0:55
Bryan Rust 0 0 0 1 0 3 0 0 0 0 0/1 10:31 0:23 0:00
Cal O'Reilly 1 0 1 1 0 4 1 1 1 0 3/5 11:03 0:00 1:04
Christian Folin 0 1 1 1 2 2 3 2 0 1 0/0 20:34 5:46 0:00
Colby Robak 0 0 0 0 0 0 0 1 1 1 0/0 27:45 5:46 3:50
David Savard 0 1 1 -1 0 1 2 2 0 1 0/0 23:34 0:00 3:50
David Ullstrom 0 0 0 -1 2 1 1 1 0 0 3/5 22:51 5:52 2:22
Kyle Palmieri 0 1 1 0 0 5 1 0 0 0 0/1 17:05 4:04 0:00
Luca Sbisa 0 0 0 0 0 0 1 1 0 0 0/0 13:29 4:10 0:00
Mathieu Brodeur 0 0 0 0 0 1 0 1 1 0 0/0 18:46 0:00 2:24
Matt Kassian 0 0 0 0 2 0 3 1 1 1 0/0 12:53 0:00 0:00
Matthew Nieto 0 0 0 0 0 1 0 1 0 0 0/0 8:13 0:00 1:35
Philip Varone 0 0 0 0 0 1 0 0 0 0 2/7 10:24 4:04 0:00
Simon Danis-Pepin 0 0 0 0 0 0 1 3 0 0 0/0 15:53 4:10 2:24
Tanner Pearson 0 1 1 1 0 2 1 0 1 1 0/0 13:43 3:58 0:07
Tyler Shattock 0 0 0 0 2 0 2 0 0 0 0/0 7:02 0:00 0:00
Vladimir Sobotka 0 0 0 -1 0 2 1 0 0 0 13/31 18:24 0:00 4:06
Vladimir Zharkov 0 0 0 -1 0 6 0 0 3 2 0/0 21:25 5:52 1:44
3 Stars
1 - Filip Forsberg (Gat)
2 - Drew Shore (Gat)
3 - Cal O'Reilly (Anc)
Power Play
Sasquatch - 1 on 4 Attempt(s) - 25.00%
Inferno - 0 on 6 Attempt(s) - 0.00%
Penalty Kill
Sasquatch - 6 on 6 Attempt(s) - 100.00%
- Score 0 goal in Penalty Kill
Inferno - 3 on 4 Attempt(s) - 75.00%
- Score 0 goal in Penalty Kill
Team Stat
Sasquatch - Hits : 26 - Faceoff Wins : 36 - Blocked Shots : 10 - Penalty Minutes : 12
Inferno - Hits : 18 - Faceoff Wins : 31 - Blocked Shots : 14 - Penalty Minutes : 8
Official
Referees : Meier Brad and Auger Stephane
Linesman : Brian Murphy and Jay Sharrers
Game Notes
No Game Note
Finance
Level 1 -- Attendance: 1704 (85.20%) -- Ticket Income $68,160
Level 2 -- Attendance: 886 (88.60%) -- Ticket Income $17,720
Total Attendance: 2590 (86.33%)
Total Ticket Income: $85,880
Other Income: $4,294
Total Income: $90,174
Sasquatch
5 vs 5 Forward
Center Left Wing Right Wing Time % Phy DF OF
1 Drew Shore Filip Forsberg Jason Akeson 40 1 2 2
2 Nick Bjugstad Jason Zucker Matt Halischuk 30 1 2 2
3 Melker Karlsson Brock Trotter Lauri Tukonen 20 1 2 2
4 Sergey Kalinin Teemu Hartikainen Petr Straka 10 1 2 2
5 vs 5 Defense
Defense Defense Time % Phy DF OF
1 Patrick Wey Nick Leddy 40 1 2 2
2 Brandon Gormley Matt Taormina 30 1 2 2
3 Martin Marincin Slava Voynov 20 1 2 2
4 Slava Voynov Matt Taormina 10 1 2 2
PowerPlay Forward
Center Left Wing Right Wing Time % Phy DF OF
1 Drew Shore Filip Forsberg Jason Akeson 60 1 2 2
2 Nick Bjugstad Jason Zucker Petr Straka 40 1 2 2
PowerPlay Defense
Defense Defense Time % Phy DF OF
1 Nick Leddy Patrick Wey 60 1 2 2
2 Brandon Gormley Matt Taormina 40 1 2 2
Penalty Kill 4 Players Forward
Center Wing Time % Phy DF OF
1 Drew Shore Lauri Tukonen 60 1 2 2
2 Sergey Kalinin Matt Halischuk 40 1 2 2
Penalty Kill 4 Players Defense
Defense Defense Time % Phy DF OF
1 Martin Marincin Matt Taormina 60 1 2 2
2 Brandon Gormley Patrick Wey 40 1 2 2
Penalty Kill - 3 Players Forward
Forward Time % Phy DF OF
1 Sergey Kalinin 60 1 2 2
2 Drew Shore 40 1 2 2
Penalty Kill - 3 Players Defense
Defense Defense Time % Phy DF OF
1 Matt Taormina Brandon Gormley 60 1 2 2
2 Martin Marincin Patrick Wey 40 1 2 2
4 vs 4 Forward
Center Wing Time % Phy DF OF
1 Nick Bjugstad Filip Forsberg 60 1 2 2
2 Drew Shore Jason Zucker 40 1 2 2
4 vs 4 Defense
Defense Defense Time % Phy DF OF
1 Brandon Gormley Patrick Wey 60 1 2 2
2 Nick Leddy Martin Marincin 40 1 2 2
Last Minutes Offensive
Center Left Wing Right Wing Defense Defense
Drew Shore Filip Forsberg Jason Akeson Brandon Gormley Nick Leddy
Last Minutes Defensive
Center Left Wing Right Wing Defense Defense
Drew Shore Teemu Hartikainen Matt Halischuk Martin Marincin Matt Taormina
Goaltenders
Starting : Joonas Korpisalo
Backup : Corey Crawford
Extra Forwards
Normal : Jason Zucker, Petr Straka, Teemu Hartikainen - PP : Jason Zucker, Melker Karlsson - PK : Teemu Hartikainen
Extra Defensemen
Normal : Brandon Gormley, Slava Voynov, Nick Leddy - PP : Brandon Gormley - PK : Nick Leddy, Slava Voynov
Penalty Shots
Jason Akeson, Jason Zucker, Filip Forsberg, Nick Leddy, Lauri Tukonen
Scratches
Andy Andreoff (Healthy), T.J. Tynan (Healthy), Nicolas Deslauriers (Healthy), Ty Rattie (Healthy), Joey Laleggia (Healthy)
Andrew Campbell (Healthy), Jack Campbell (Healthy)
Inferno
5 vs 5 Forward
Center Left Wing Right Wing Time % Phy DF OF
1 Vladimir Sobotka David Ullstrom Vladimir Zharkov 40 1 2 2
2 Anders Lee Matt Kassian Kyle Palmieri 30 1 2 2
3 Cal O'Reilly Tanner Pearson Bryan Rust 20 1 2 2
4 Philip Varone Matthew Nieto Tyler Shattock 10 1 2 2
5 vs 5 Defense
Defense Defense Time % Phy DF OF
1 Colby Robak David Savard 40 1 2 2
2 Mathieu Brodeur Christian Folin 30 1 2 2
3 Luca Sbisa Simon Danis-Pepin 20 1 2 2
4 Mathieu Brodeur David Savard 10 1 2 2
PowerPlay Forward
Center Left Wing Right Wing Time % Phy DF OF
1 Anders Lee David Ullstrom Vladimir Zharkov 60 1 2 2
2 Philip Varone Tanner Pearson Kyle Palmieri 40 1 2 2
PowerPlay Defense
Defense Defense Time % Phy DF OF
1 Colby Robak Christian Folin 60 1 2 2
2 Luca Sbisa Simon Danis-Pepin 40 1 2 2
Penalty Kill 4 Players Forward
Center Wing Time % Phy DF OF
1 Vladimir Sobotka David Ullstrom 60 1 2 2
2 Cal O'Reilly Vladimir Zharkov 40 1 2 2
Penalty Kill 4 Players Defense
Defense Defense Time % Phy DF OF
1 Colby Robak David Savard 60 1 2 2
2 Mathieu Brodeur Simon Danis-Pepin 40 1 2 2
Penalty Kill - 3 Players Forward
Forward Time % Phy DF OF
1 Vladimir Sobotka 60 1 2 2
2 David Ullstrom 40 1 2 2
Penalty Kill - 3 Players Defense
Defense Defense Time % Phy DF OF
1 Colby Robak David Savard 60 1 2 2
2 Mathieu Brodeur Simon Danis-Pepin 40 1 2 2
4 vs 4 Forward
Center Wing Time % Phy DF OF
1 Vladimir Sobotka Kyle Palmieri 60 1 2 2
2 Anders Lee David Ullstrom 40 1 2 2
4 vs 4 Defense
Defense Defense Time % Phy DF OF
1 Colby Robak David Savard 60 1 2 2
2 Mathieu Brodeur Christian Folin 40 1 2 2
Last Minutes Offensive
Center Left Wing Right Wing Defense Defense
Vladimir Sobotka David Ullstrom Vladimir Zharkov Colby Robak David Savard
Last Minutes Defensive
Center Left Wing Right Wing Defense Defense
Vladimir Sobotka David Ullstrom Vladimir Zharkov Colby Robak David Savard
Goaltenders
Starting : Christopher Gibson
Backup : Michael Hutchinson
Extra Forwards
Normal : Anders Lee, Kyle Palmieri, Bryan Rust - PP : Tanner Pearson, Bryan Rust - PK : Vladimir Zharkov
Extra Defensemen
Normal : Mathieu Brodeur, Christian Folin, Luca Sbisa - PP : Simon Danis-Pepin - PK : Mathieu Brodeur, Luca Sbisa
Penalty Shots
Anders Lee, Vladimir Zharkov, Tanner Pearson, Bryan Rust, Matt Kassian
Scratches
Chris Brown (Healthy), Victor Rask (Healthy), Frank Corrado (Healthy), Ryan Spooner (Healthy), Joakim Nordstrom (Healthy)
Esa Lindell (Healthy), Trevor Carrick (Healthy), Petteri Lindbohm (Healthy), Daniil Tarasov (Healthy), Branden Troock (Healthy)
Greg Pateryn (Healthy), Nathan Lieuwen (Healthy)
% Time on Ice - Sasquatch
Lines # - Real PCT - Wanted PCT - Time Play
Normal Forward
1 - 33% - 40% - 14:00
2 - 30% - 30% - 12:41
3 - 25% - 20% - 10:37
4 - 13% - 10% - 5:30
Normal Defense
1 - 42% - 40% - 17:46
2 - 33% - 30% - 14:18
3 - 20% - 20% - 8:24
4 - 5% - 10% - 2:20
PP Forward
1 - 52% - 60% - 3:14
2 - 48% - 40% - 3:00
PP Defense
1 - 55% - 60% - 3:26
2 - 45% - 40% - 2:48
PK Forward
1 - 72% - 60% - 7:12
2 - 28% - 40% - 2:44
PK Defense
1 - 61% - 60% - 6:01
2 - 39% - 40% - 3:55
PK3 Forward
1 - 0% - 60%
2 - 0% - 40%
PK3 Defense
1 - 0% - 60%
2 - 0% - 40%
44 Forward
1 - 0% - 60%
2 - 0% - 40%
44 Defense
1 - 0% - 60%
2 - 0% - 40%
Last Minute Offensive - 0:00
Last Minute Defensive - 1:02
Total
Forward - 60:00
Defense - 60:00
|
% Time on Ice - Inferno
Lines # - Real PCT - Wanted PCT - Time Play
Normal Forward
1 - 32% - 40% - 13:32
2 - 31% - 30% - 13:03
3 - 23% - 20% - 9:57
4 - 15% - 10% - 6:13
Normal Defense
1 - 40% - 40% - 17:04
2 - 33% - 30% - 14:17
3 - 21% - 20% - 9:09
4 - 5% - 10% - 2:15
PP Forward
1 - 59% - 60% - 5:52
2 - 41% - 40% - 4:04
PP Defense
1 - 58% - 60% - 5:46
2 - 42% - 40% - 4:10
PK Forward
1 - 81% - 60% - 4:36
2 - 19% - 40% - 1:04
PK Defense
1 - 58% - 60% - 3:16
2 - 42% - 40% - 2:24
PK3 Forward
1 - 100% - 60% - 0:34
2 - 0% - 40% - 0:00
PK3 Defense
1 - 100% - 60% - 0:34
2 - 0% - 40% - 0:00
44 Forward
1 - 0% - 60%
2 - 0% - 40%
44 Defense
1 - 0% - 60%
2 - 0% - 40%
Last Minute Offensive - 1:05
Last Minute Defensive - 0:00
Total
Forward - 60:00
Defense - 60:00
|
Play by Play
1st period
0:01 of 1st period - Vladimir Sobotka wins face-off versus Drew Shore in neutral zone.
0:19 of 1st period - Vladimir Sobotka is hit by Nick Leddy and loses puck.
0:58 of 1st period - Wrist shot by Cal O'Reilly.
0:58 of 1st period - Stopped by Joonas Korpisalo with a rebound.
1:09 of 1st period - Off-side.
1:10 of 1st period - Teemu Hartikainen wins face-off versus Philip Varone in neutral zone.
2:00 of 1st period - Martin Marincin is hit by David Savard and loses puck.
2:15 of 1st period - Mathieu Brodeur is hit by Melker Karlsson and loses puck.
2:20 of 1st period - Snap shot by Melker Karlsson.
2:20 of 1st period - Stopped by Christopher Gibson without a rebound.
2:21 of 1st period - Vladimir Sobotka wins face-off versus Melker Karlsson in Inferno zone.
2:25 of 1st period - Off-side.
2:26 of 1st period - Vladimir Sobotka wins face-off versus Drew Shore in neutral zone.
2:33 of 1st period - Wrist shot by Vladimir Zharkov.
2:33 of 1st period - Stopped by Joonas Korpisalo without a rebound.
2:34 of 1st period - Drew Shore wins face-off versus Kyle Palmieri in Sasquatch zone.
2:50 of 1st period - Snap shot by Filip Forsberg.
2:50 of 1st period - Stopped by Christopher Gibson with a rebound.
2:52 of 1st period - Slapshot by Slava Voynov.
2:52 of 1st period - Stopped by Christopher Gibson with a rebound.
2:54 of 1st period - Snap shot by Filip Forsberg.
2:54 of 1st period - Stopped by Christopher Gibson with a rebound.
2:56 of 1st period - Slapshot by Slava Voynov.
2:56 of 1st period - Shot Blocked by David Savard.
2:58 of 1st period - Snap shot by Jason Akeson.
2:58 of 1st period - Shot Misses the Net.
3:00 of 1st period - Snap shot by Jason Akeson.
3:00 of 1st period - Stopped by Christopher Gibson with a rebound.
3:02 of 1st period - Wrist shot by Jason Akeson.
3:02 of 1st period - Stopped by Christopher Gibson with a rebound.
3:04 of 1st period - Snap shot by Patrick Wey.
3:04 of 1st period - Shot Blocked by David Savard.
3:06 of 1st period - Snap shot by Drew Shore.
3:06 of 1st period - Shot Blocked by Matt Kassian.
3:16 of 1st period - Snap shot by Filip Forsberg.
3:16 of 1st period - Stopped by Christopher Gibson without a rebound.
3:17 of 1st period - Vladimir Sobotka wins face-off versus Nick Bjugstad in Inferno zone.
3:36 of 1st period - Brandon Gormley is hit by Vladimir Sobotka and loses puck.
3:53 of 1st period - Icing by Mathieu Brodeur.
3:54 of 1st period - Cal O'Reilly wins face-off versus Lauri Tukonen in Inferno zone.
3:54 of 1st period - Cal O'Reilly is hit by Lauri Tukonen.
4:26 of 1st period - Snap shot by Bryan Rust.
4:26 of 1st period - Stopped by Joonas Korpisalo with a rebound.
4:28 of 1st period - Snap shot by Mathieu Brodeur.
4:28 of 1st period - Deflect By Tanner Pearson.
4:28 of 1st period - Stopped by Joonas Korpisalo with a rebound.
4:30 of 1st period - Slapshot by Christian Folin.
4:30 of 1st period - Deflect By Cal O'Reilly.
4:30 of 1st period - Goal by Cal O'Reilly - Sasquatch : 0 - Inferno : 1.
4:31 of 1st period - Vladimir Sobotka wins face-off versus Drew Shore in neutral zone.
4:57 of 1st period - Matt Halischuk is hit by Matt Kassian and loses puck.
5:22 of 1st period - Matt Taormina is hit by Luca Sbisa and loses puck.
6:00 of 1st period - Bryan Rust is hit by Brock Trotter and loses puck.
6:07 of 1st period - Snap shot by Cal O'Reilly.
6:07 of 1st period - Shot Blocked by Melker Karlsson.
6:09 of 1st period - Snap shot by Bryan Rust.
6:09 of 1st period - Shot Misses the Net.
6:11 of 1st period - Snap shot by Christian Folin.
6:11 of 1st period - Shot Blocked by Melker Karlsson.
6:13 of 1st period - Backhand shot by Christian Folin.
6:13 of 1st period - Deflect By Cal O'Reilly.
6:13 of 1st period - Stopped by Joonas Korpisalo with a rebound.
6:25 of 1st period - Wrist shot by Cal O'Reilly.
6:25 of 1st period - Stopped by Joonas Korpisalo with a rebound.
7:29 of 1st period - Snap shot by Bryan Rust.
7:29 of 1st period - Stopped by Joonas Korpisalo with a rebound.
7:31 of 1st period - Wrist shot by Bryan Rust.
7:31 of 1st period - Stopped by Joonas Korpisalo with a rebound.
7:33 of 1st period - Wrist shot by Cal O'Reilly.
7:33 of 1st period - Shot Blocked by Matt Taormina.
7:35 of 1st period - Slapshot by Christian Folin.
7:35 of 1st period - Shot Blocked by Matt Taormina.
7:37 of 1st period - Slapshot by Mathieu Brodeur.
7:37 of 1st period - Stopped by Joonas Korpisalo without a rebound.
7:38 of 1st period - Drew Shore wins face-off versus Vladimir Sobotka in Sasquatch zone.
7:56 of 1st period - Icing by Nick Leddy.
7:57 of 1st period - Drew Shore wins face-off versus Anders Lee in Sasquatch zone.
8:06 of 1st period - Slapshot by Jason Akeson.
8:06 of 1st period - Stopped by Christopher Gibson with a rebound.
8:14 of 1st period - Slapshot by Drew Shore.
8:14 of 1st period - Stopped by Christopher Gibson with a rebound.
8:16 of 1st period - Snap shot by Filip Forsberg.
8:16 of 1st period - Stopped by Christopher Gibson without a rebound.
8:17 of 1st period - Nick Bjugstad wins face-off versus Vladimir Sobotka in Inferno zone.
8:42 of 1st period - Simon Danis-Pepin is hit by Sergey Kalinin.
8:46 of 1st period - Sergey Kalinin is hit by Matt Kassian and loses puck.
8:58 of 1st period - Icing by Martin Marincin.
8:59 of 1st period - Petr Straka wins face-off versus Philip Varone in Sasquatch zone.
9:05 of 1st period - Icing by Colby Robak.
9:06 of 1st period - Philip Varone wins face-off versus Drew Shore in Inferno zone.
9:13 of 1st period - Nick Leddy is hit by Tyler Shattock and loses puck.
9:18 of 1st period - Wrist shot by Philip Varone.
9:18 of 1st period - Stopped by Joonas Korpisalo without a rebound.
9:19 of 1st period - David Ullstrom wins face-off versus Drew Shore in Sasquatch zone.
9:44 of 1st period - Patrick Wey is hit by Kyle Palmieri and loses puck.
10:14 of 1st period - Snap shot by Brock Trotter.
10:14 of 1st period - Shot Misses the Net.
10:16 of 1st period - Slapshot by Slava Voynov.
10:16 of 1st period - Stopped by Christopher Gibson without a rebound.
10:17 of 1st period - Vladimir Sobotka wins face-off versus Jason Akeson in Inferno zone.
10:17 of 1st period - Vladimir Sobotka is hit by Jason Akeson.
10:47 of 1st period - Kyle Palmieri is hit by Matt Halischuk and loses puck.
11:11 of 1st period - Slapshot by Nick Leddy.
11:11 of 1st period - Shot Misses the Net.
11:13 of 1st period - Snap shot by Teemu Hartikainen.
11:13 of 1st period - Shot Misses the Net.
11:23 of 1st period - David Ullstrom is hit by Melker Karlsson and loses puck.
11:34 of 1st period - Nick Leddy is hit by David Savard.
11:46 of 1st period - Snap shot by Tanner Pearson.
11:46 of 1st period - Stopped by Joonas Korpisalo with a rebound.
12:35 of 1st period - Slapshot by Matthew Nieto.
12:35 of 1st period - Shot Misses the Net.
12:47 of 1st period - Colby Robak is hit by Slava Voynov and loses puck.
13:29 of 1st period - Wrist shot by Nick Bjugstad.
13:29 of 1st period - Stopped by Christopher Gibson with a rebound.
13:35 of 1st period - Brandon Gormley is hit by Simon Danis-Pepin and loses puck.
13:50 of 1st period - Luca Sbisa is hit by Teemu Hartikainen and loses puck.
14:35 of 1st period - Slapshot by Filip Forsberg.
14:35 of 1st period - Shot Misses the Net.
14:53 of 1st period - Off-side.
14:54 of 1st period - Cal O'Reilly wins face-off versus Nick Bjugstad in neutral zone.
15:03 of 1st period - Matt Halischuk is hit by Tanner Pearson and loses puck.
15:32 of 1st period - Minor Penalty to Jason Akeson for Goalie Interference.
15:33 of 1st period - Anders Lee wins face-off versus Lauri Tukonen in Sasquatch zone.
15:43 of 1st period - Snap shot by Anders Lee.
15:43 of 1st period - Shot Misses the Net.
16:38 of 1st period - Luca Sbisa is hit by Teemu Hartikainen and loses puck.
17:21 of 1st period - Colby Robak is hit by Matt Taormina and loses puck.
17:32 of 1st period - Penalty to Jason Akeson is over, Jason Akeson is back on ice.
17:48 of 1st period - Matthew Nieto is hit by Drew Shore and loses puck.
18:02 of 1st period - Minor Penalty to Tyler Shattock for Diving.
18:03 of 1st period - Vladimir Sobotka wins face-off versus Petr Straka in Inferno zone.
18:39 of 1st period - Snap shot by Jason Zucker.
18:39 of 1st period - Shot Blocked by Simon Danis-Pepin.
18:41 of 1st period - Slapshot by Nick Leddy.
18:41 of 1st period - Deflect By Vladimir Sobotka.
18:41 of 1st period - Stopped by Christopher Gibson without a rebound.
18:42 of 1st period - Drew Shore wins face-off versus Vladimir Sobotka in Inferno zone.
18:54 of 1st period - Icing by Nick Leddy.
18:55 of 1st period - Filip Forsberg wins face-off versus Vladimir Sobotka in Sasquatch zone.
19:19 of 1st period - Colby Robak is hit by Patrick Wey and loses puck.
19:42 of 1st period - Simon Danis-Pepin is hit by Filip Forsberg and loses puck.
Goals for this period are 0 for Sasquatch vs 1 for Inferno.
Shots for this period are 13 for Sasquatch vs 12 for Inferno.
2nd period
0:01 of 2nd period - Drew Shore wins face-off versus Vladimir Sobotka in neutral zone.
0:02 of 2nd period - Penalty to Tyler Shattock is over, Tyler Shattock is back on ice.
0:08 of 2nd period - Snap shot by Filip Forsberg.
0:08 of 2nd period - Stopped by Christopher Gibson without a rebound.
0:09 of 2nd period - Filip Forsberg wins face-off versus Vladimir Sobotka in Inferno zone.
0:46 of 2nd period - Icing by Colby Robak.
0:47 of 2nd period - Vladimir Sobotka wins face-off versus Nick Bjugstad in Inferno zone.
0:51 of 2nd period - Off-side.
0:52 of 2nd period - Anders Lee wins face-off versus Nick Bjugstad in neutral zone.
1:15 of 2nd period - Minor Penalty to Christian Folin for Hooking.
1:16 of 2nd period - Vladimir Sobotka wins face-off versus Drew Shore in Inferno zone.
3:15 of 2nd period - Penalty to Christian Folin is over, Christian Folin is back on ice.
3:26 of 2nd period - Christian Folin is hit by Brock Trotter and loses puck.
3:50 of 2nd period - Snap shot by Teemu Hartikainen.
3:50 of 2nd period - Stopped by Christopher Gibson with a rebound.
4:43 of 2nd period - Nick Bjugstad is hit by Tyler Shattock and loses puck.
5:22 of 2nd period - Snap shot by David Ullstrom.
5:22 of 2nd period - Stopped by Joonas Korpisalo with a rebound.
5:54 of 2nd period - Petr Straka is hit by Christian Folin and loses puck.
6:07 of 2nd period - Jason Zucker is hit by Cal O'Reilly and loses puck.
6:39 of 2nd period - Minor Penalty to Matt Kassian for Cross-checking.
6:40 of 2nd period - Jason Akeson wins face-off versus Vladimir Sobotka in Inferno zone.
6:43 of 2nd period - Snap shot by Jason Akeson.
6:43 of 2nd period - Stopped by Christopher Gibson with a rebound.
6:56 of 2nd period - Minor Penalty to David Ullstrom for Holding.
6:57 of 2nd period - Drew Shore wins face-off versus Vladimir Sobotka in Inferno zone.
7:11 of 2nd period - Vladimir Sobotka is hit by Filip Forsberg and loses puck.
7:30 of 2nd period - Slapshot by Nick Bjugstad.
7:30 of 2nd period - Goal by Nick Bjugstad - Sasquatch : 1 - Inferno : 1.
7:31 of 2nd period - Drew Shore wins face-off versus Vladimir Sobotka in neutral zone.
7:42 of 2nd period - Wrist shot by Nick Leddy.
7:42 of 2nd period - Stopped by Christopher Gibson with a rebound.
8:34 of 2nd period - Simon Danis-Pepin is hit by Matt Taormina and loses puck.
8:56 of 2nd period - Penalty to David Ullstrom is over, David Ullstrom is back on ice.
9:38 of 2nd period - Snap shot by Vladimir Zharkov.
9:38 of 2nd period - Stopped by Joonas Korpisalo with a rebound.
9:40 of 2nd period - Wrist shot by David Ullstrom.
9:40 of 2nd period - Shot Misses the Net.
9:50 of 2nd period - Luca Sbisa is hit by Nick Bjugstad and loses puck.
10:02 of 2nd period - Icing by Nick Bjugstad.
10:03 of 2nd period - Anders Lee wins face-off versus Drew Shore in Sasquatch zone.
10:17 of 2nd period - Snap shot by Drew Shore.
10:17 of 2nd period - Shot Misses the Net.
10:29 of 2nd period - Wrist shot by Nick Bjugstad.
10:29 of 2nd period - Shot Hit the Post.
10:31 of 2nd period - Slapshot by Patrick Wey.
10:31 of 2nd period - Stopped by Christopher Gibson without a rebound.
10:32 of 2nd period - Nick Bjugstad wins face-off versus Vladimir Sobotka in Inferno zone.
10:55 of 2nd period - Vladimir Sobotka is hit by Matt Taormina and loses puck.
11:04 of 2nd period - Christian Folin is hit by Nick Bjugstad and loses puck.
11:13 of 2nd period - Wrist shot by Matt Halischuk.
11:13 of 2nd period - Stopped by Christopher Gibson with a rebound.
11:18 of 2nd period - Off-side.
11:19 of 2nd period - Anders Lee wins face-off versus Drew Shore in neutral zone.
12:15 of 2nd period - Slapshot by Matthew Nieto.
12:15 of 2nd period - Stopped by Joonas Korpisalo without a rebound.
12:16 of 2nd period - Drew Shore wins face-off versus Vladimir Sobotka in Sasquatch zone.
12:31 of 2nd period - Brandon Gormley is hit by Christian Folin.
12:45 of 2nd period - Slapshot by Brock Trotter.
12:45 of 2nd period - Stopped by Christopher Gibson with a rebound.
12:47 of 2nd period - Snap shot by Lauri Tukonen.
12:47 of 2nd period - Stopped by Christopher Gibson with a rebound.
12:51 of 2nd period - Slapshot by Brock Trotter.
12:51 of 2nd period - Shot Blocked by David Ullstrom.
12:53 of 2nd period - Slapshot by Patrick Wey.
12:53 of 2nd period - Shot Blocked by Christian Folin.
13:15 of 2nd period - Snap shot by Kyle Palmieri.
13:15 of 2nd period - Shot Misses the Net.
13:51 of 2nd period - Slapshot by Patrick Wey.
13:51 of 2nd period - Shot Blocked by Simon Danis-Pepin.
13:53 of 2nd period - Wrist shot by Petr Straka.
13:53 of 2nd period - Shot Misses the Net.
13:55 of 2nd period - Slapshot by Petr Straka.
13:55 of 2nd period - Stopped by Christopher Gibson with a rebound.
13:57 of 2nd period - Slapshot by Nick Leddy.
13:57 of 2nd period - Shot Misses the Net.
14:09 of 2nd period - Wrist shot by Brock Trotter.
14:09 of 2nd period - Stopped by Christopher Gibson with a rebound.
14:11 of 2nd period - Slapshot by Brandon Gormley.
14:11 of 2nd period - Shot Blocked by Matthew Nieto.
14:13 of 2nd period - Wrist shot by Lauri Tukonen.
14:13 of 2nd period - Shot Blocked by Simon Danis-Pepin.
14:15 of 2nd period - Slapshot by Matt Taormina.
14:15 of 2nd period - Stopped by Christopher Gibson with a rebound.
14:17 of 2nd period - Slapshot by Matt Taormina.
14:17 of 2nd period - Shot Blocked by Luca Sbisa.
14:33 of 2nd period - Slapshot by Matt Kassian.
14:33 of 2nd period - Deflect By Anders Lee.
14:33 of 2nd period - Shot Misses the Net.
14:33 of 2nd period - Puck is out of play.
14:34 of 2nd period - Drew Shore wins face-off versus Anders Lee in Sasquatch zone.
14:45 of 2nd period - Wrist shot by Drew Shore.
14:45 of 2nd period - Deflect By Kyle Palmieri.
14:45 of 2nd period - Shot Misses the Net.
14:45 of 2nd period - Puck is out of play.
14:46 of 2nd period - Vladimir Sobotka wins face-off versus Drew Shore in Inferno zone.
14:55 of 2nd period - Wrist shot by David Ullstrom.
14:55 of 2nd period - Shot Misses the Net.
15:01 of 2nd period - Wrist shot by Filip Forsberg.
15:01 of 2nd period - Shot Misses the Net.
15:17 of 2nd period - Off-side.
15:18 of 2nd period - Drew Shore wins face-off versus Anders Lee in neutral zone.
15:33 of 2nd period - Wrist shot by Drew Shore.
15:33 of 2nd period - Shot Misses the Net.
15:43 of 2nd period - Wrist shot by Brock Trotter.
15:43 of 2nd period - Shot Blocked by Christian Folin.
15:55 of 2nd period - Wrist shot by Brock Trotter.
15:55 of 2nd period - Deflect By Lauri Tukonen.
15:55 of 2nd period - Shot Misses the Net.
15:55 of 2nd period - Puck is out of play.
15:56 of 2nd period - Drew Shore wins face-off versus Vladimir Sobotka in Inferno zone.
15:59 of 2nd period - Snap shot by Filip Forsberg.
15:59 of 2nd period - Goal by Filip Forsberg - Sasquatch : 2 - Inferno : 1.
16:00 of 2nd period - Drew Shore wins face-off versus Vladimir Sobotka in neutral zone.
16:03 of 2nd period - Snap shot by Filip Forsberg.
16:03 of 2nd period - Shot Misses the Net.
16:05 of 2nd period - Slapshot by Nick Leddy.
16:05 of 2nd period - Stopped by Christopher Gibson with a rebound.
16:07 of 2nd period - Slapshot by Nick Leddy.
16:07 of 2nd period - Shot Misses the Net.
16:32 of 2nd period - Snap shot by Filip Forsberg.
16:32 of 2nd period - Deflect By Drew Shore.
16:32 of 2nd period - Shot Blocked by Cal O'Reilly.
16:32 of 2nd period - Puck is out of play.
16:33 of 2nd period - Nick Bjugstad wins face-off versus Vladimir Sobotka in Inferno zone.
16:48 of 2nd period - Snap shot by Matt Halischuk.
16:48 of 2nd period - Stopped by Christopher Gibson with a rebound.
17:00 of 2nd period - Matt Taormina is hit by Matt Kassian and loses puck.
17:08 of 2nd period - Minor Penalty to Melker Karlsson for Holding Stick.
17:09 of 2nd period - Drew Shore wins face-off versus David Ullstrom in Sasquatch zone.
17:19 of 2nd period - Slapshot by Christian Folin.
17:19 of 2nd period - Stopped by Joonas Korpisalo without a rebound.
17:20 of 2nd period - Anders Lee wins face-off versus Drew Shore in Sasquatch zone.
17:23 of 2nd period - Snap shot by Colby Robak.
17:23 of 2nd period - Shot Blocked by Matt Taormina.
19:08 of 2nd period - Penalty to Melker Karlsson is over, Melker Karlsson is back on ice.
19:16 of 2nd period - Minor Penalty to Nick Bjugstad for Tripping.
19:17 of 2nd period - Drew Shore wins face-off versus Philip Varone in Sasquatch zone.
19:37 of 2nd period - Icing by Simon Danis-Pepin.
19:38 of 2nd period - Drew Shore wins face-off versus Anders Lee in Inferno zone.
Goals for this period are 2 for Sasquatch vs 0 for Inferno.
Shots for this period are 15 for Sasquatch vs 4 for Inferno.
3rd period
0:01 of 3rd period - Anders Lee wins face-off versus Drew Shore in neutral zone.
0:04 of 3rd period - Slapshot by Colby Robak.
0:04 of 3rd period - Deflect By Anders Lee.
0:04 of 3rd period - Shot Misses the Net.
0:04 of 3rd period - Puck is out of play.
0:05 of 3rd period - Anders Lee wins face-off versus Drew Shore in Sasquatch zone.
0:06 of 3rd period - Snap shot by Vladimir Zharkov.
0:06 of 3rd period - Stopped by Joonas Korpisalo with a rebound.
0:15 of 3rd period - Icing by Vladimir Zharkov.
0:16 of 3rd period - David Ullstrom wins face-off versus Drew Shore in Inferno zone.
0:41 of 3rd period - Snap shot by David Ullstrom.
0:41 of 3rd period - Shot Blocked by Martin Marincin.
0:43 of 3rd period - Slapshot by Christian Folin.
0:43 of 3rd period - Stopped by Joonas Korpisalo with a rebound.
0:45 of 3rd period - Wrist shot by Vladimir Zharkov.
0:45 of 3rd period - Stopped by Joonas Korpisalo without a rebound.
0:46 of 3rd period - Drew Shore wins face-off versus Philip Varone in Sasquatch zone.
1:16 of 3rd period - Penalty to Nick Bjugstad is over, Nick Bjugstad is back on ice.
1:43 of 3rd period - Minor Penalty to Matt Halischuk for Kneeing.
1:44 of 3rd period - Drew Shore wins face-off versus Anders Lee in Sasquatch zone.
3:13 of 3rd period - Tanner Pearson is hit by Teemu Hartikainen and loses puck.
3:43 of 3rd period - Penalty to Matt Halischuk is over, Matt Halischuk is back on ice.
4:02 of 3rd period - Colby Robak is hit by Matt Halischuk and loses puck.
4:20 of 3rd period - Wrist shot by Jason Akeson.
4:20 of 3rd period - Shot Blocked by Mathieu Brodeur.
5:25 of 3rd period - Simon Danis-Pepin is hit by Jason Akeson and loses puck.
6:08 of 3rd period - Matthew Nieto is hit by Teemu Hartikainen and loses puck.
6:23 of 3rd period - Icing by Colby Robak.
6:24 of 3rd period - Vladimir Sobotka wins face-off versus Drew Shore in Inferno zone.
6:33 of 3rd period - Snap shot by Drew Shore.
6:33 of 3rd period - Stopped by Christopher Gibson without a rebound.
6:34 of 3rd period - Anders Lee wins face-off versus Jason Zucker in Inferno zone.
7:21 of 3rd period - Slapshot by Brandon Gormley.
7:21 of 3rd period - Shot Misses the Net.
7:23 of 3rd period - Snap shot by Brandon Gormley.
7:23 of 3rd period - Shot Misses the Net.
8:28 of 3rd period - Patrick Wey is hit by Christian Folin and loses puck.
8:45 of 3rd period - Slapshot by Nick Leddy.
8:45 of 3rd period - Stopped by Christopher Gibson with a rebound.
8:47 of 3rd period - Slapshot by Patrick Wey.
8:47 of 3rd period - Stopped by Christopher Gibson without a rebound.
8:48 of 3rd period - Drew Shore wins face-off versus Vladimir Sobotka in Inferno zone.
8:51 of 3rd period - Slapshot by Drew Shore.
8:51 of 3rd period - Stopped by Christopher Gibson with a rebound.
8:53 of 3rd period - Wrist shot by Filip Forsberg.
8:53 of 3rd period - Stopped by Christopher Gibson without a rebound.
8:54 of 3rd period - Drew Shore wins face-off versus David Ullstrom in Inferno zone.
9:01 of 3rd period - Slapshot by David Savard.
9:01 of 3rd period - Deflect By Vladimir Zharkov.
9:01 of 3rd period - Stopped by Joonas Korpisalo with a rebound.
9:24 of 3rd period - Snap shot by Jason Zucker.
9:24 of 3rd period - Stopped by Christopher Gibson with a rebound.
9:26 of 3rd period - Snap shot by Matt Halischuk.
9:26 of 3rd period - Shot Misses the Net.
9:28 of 3rd period - Wrist shot by Jason Zucker.
9:28 of 3rd period - Stopped by Christopher Gibson without a rebound.
9:29 of 3rd period - Vladimir Sobotka wins face-off versus Drew Shore in Inferno zone.
9:29 of 3rd period - Vladimir Sobotka is hit by Patrick Wey.
10:06 of 3rd period - Snap shot by Kyle Palmieri.
10:06 of 3rd period - Stopped by Joonas Korpisalo without a rebound.
10:07 of 3rd period - Cal O'Reilly wins face-off versus Drew Shore in Sasquatch zone.
10:08 of 3rd period - Wrist shot by Bryan Rust.
10:08 of 3rd period - Shot Misses the Net.
10:18 of 3rd period - Snap shot by Tanner Pearson.
10:18 of 3rd period - Shot Blocked by Matt Taormina.
10:41 of 3rd period - Snap shot by Vladimir Zharkov.
10:41 of 3rd period - Stopped by Joonas Korpisalo with a rebound.
10:43 of 3rd period - Minor Penalty to Brandon Gormley for Kneeing.
10:44 of 3rd period - Drew Shore wins face-off versus Anders Lee in Sasquatch zone.
11:20 of 3rd period - Wrist shot by Kyle Palmieri.
11:20 of 3rd period - Shot Misses the Net.
12:24 of 3rd period - Slapshot by Colby Robak.
12:24 of 3rd period - Shot Misses the Net.
12:26 of 3rd period - Snap shot by Anders Lee.
12:26 of 3rd period - Stopped by Joonas Korpisalo without a rebound.
12:27 of 3rd period - Drew Shore wins face-off versus Philip Varone in Sasquatch zone.
12:43 of 3rd period - Penalty to Brandon Gormley is over, Brandon Gormley is back on ice.
13:26 of 3rd period - Snap shot by Jason Akeson.
13:26 of 3rd period - Stopped by Christopher Gibson with a rebound.
13:28 of 3rd period - Backhand shot by Filip Forsberg.
13:28 of 3rd period - Goal by Filip Forsberg - Sasquatch : 3 - Inferno : 1.
13:29 of 3rd period - Vladimir Sobotka wins face-off versus Drew Shore in neutral zone.
14:02 of 3rd period - Wrist shot by Kyle Palmieri.
14:02 of 3rd period - Stopped by Joonas Korpisalo without a rebound.
14:03 of 3rd period - Nick Bjugstad wins face-off versus Vladimir Sobotka in Sasquatch zone.
14:29 of 3rd period - Brandon Gormley is hit by Anders Lee and loses puck.
14:37 of 3rd period - Off-side.
14:38 of 3rd period - Drew Shore wins face-off versus Vladimir Sobotka in neutral zone.
14:43 of 3rd period - Slapshot by Slava Voynov.
14:43 of 3rd period - Shot Blocked by Colby Robak.
14:51 of 3rd period - Slapshot by Vladimir Zharkov.
14:51 of 3rd period - Shot Misses the Net.
14:53 of 3rd period - Slapshot by Vladimir Sobotka.
14:53 of 3rd period - Stopped by Joonas Korpisalo without a rebound.
14:54 of 3rd period - Anders Lee wins face-off versus Nick Bjugstad in Sasquatch zone.
15:42 of 3rd period - Lauri Tukonen is hit by David Ullstrom.
15:58 of 3rd period - Snap shot by Kyle Palmieri.
15:58 of 3rd period - Stopped by Joonas Korpisalo without a rebound.
15:59 of 3rd period - Anders Lee wins face-off versus Drew Shore in Sasquatch zone.
16:04 of 3rd period - Snap shot by Kyle Palmieri.
16:04 of 3rd period - Deflect By Jason Akeson.
16:04 of 3rd period - Shot Misses the Net.
16:04 of 3rd period - Puck is out of play.
16:05 of 3rd period - Jason Akeson wins face-off versus Anders Lee in Sasquatch zone.
16:20 of 3rd period - Snap shot by Drew Shore.
16:20 of 3rd period - Shot Hit the Post.
16:42 of 3rd period - Snap shot by Matt Kassian.
16:42 of 3rd period - Shot Blocked by Drew Shore.
16:50 of 3rd period - Wrist shot by Matt Kassian.
16:50 of 3rd period - Deflect By Kyle Palmieri.
16:50 of 3rd period - Stopped by Joonas Korpisalo with a rebound.
16:56 of 3rd period - Wrist shot by Kyle Palmieri.
16:56 of 3rd period - Stopped by Joonas Korpisalo with a rebound.
16:58 of 3rd period - Slapshot by Anders Lee.
16:58 of 3rd period - Shot Misses the Net.
17:00 of 3rd period - Backhand shot by David Savard.
17:00 of 3rd period - Deflect By Matt Taormina.
17:00 of 3rd period - Stopped by Joonas Korpisalo with a rebound.
17:02 of 3rd period - Wrist shot by Anders Lee.
17:02 of 3rd period - Goal by Anders Lee - Sasquatch : 3 - Inferno : 2.
17:03 of 3rd period - Melker Karlsson wins face-off versus Cal O'Reilly in neutral zone.
17:08 of 3rd period - Slapshot by Nick Leddy.
17:08 of 3rd period - Stopped by Christopher Gibson without a rebound.
17:09 of 3rd period - Melker Karlsson wins face-off versus Cal O'Reilly in Inferno zone.
17:20 of 3rd period - Wrist shot by Bryan Rust.
17:20 of 3rd period - Shot Misses the Net.
17:22 of 3rd period - Slapshot by Christian Folin.
17:22 of 3rd period - Shot Misses the Net.
17:24 of 3rd period - Backhand shot by Bryan Rust.
17:24 of 3rd period - Shot Blocked by Brock Trotter.
18:18 of 3rd period - Slapshot by Brandon Gormley.
18:18 of 3rd period - Stopped by Christopher Gibson without a rebound.
18:19 of 3rd period - Nick Bjugstad wins face-off versus Bryan Rust in Inferno zone.
18:34 of 3rd period - Off-side.
18:35 of 3rd period - David Ullstrom wins face-off versus Melker Karlsson in neutral zone.
18:46 of 3rd period - Inferno, Christopher Gibson is pulled from the net.
18:50 of 3rd period - Snap shot by David Ullstrom.
18:50 of 3rd period - Shot Hit the Post.
19:39 of 3rd period - Backhand shot by Brandon Gormley.
19:39 of 3rd period - Shot Misses the Net.
19:47 of 3rd period - Snap shot by Vladimir Sobotka.
19:47 of 3rd period - Shot Blocked by Brandon Gormley.
19:55 of 3rd period - Snap shot by Vladimir Sobotka.
19:55 of 3rd period - Stopped by Joonas Korpisalo without a rebound.
19:56 of 3rd period - Dan Bylsma call a timeout for Inferno.
19:56 of 3rd period - Drew Shore wins face-off versus Vladimir Sobotka in Sasquatch zone.
19:58 of 3rd period - Minor Penalty to Matt Halischuk for Interference.
19:59 of 3rd period - Philip Varone wins face-off versus Drew Shore in Sasquatch zone.
Goals for this period are 1 for Sasquatch vs 1 for Inferno.
Shots for this period are 11 for Sasquatch vs 15 for Inferno.
Back to the Top